 Dungeon Sprint DCSS version 0.29-a0-362-g5854e031c7 (webtiles) character file.

Game seed: 15123853031739177640

4081 mhtbhm the Swashbuckler (level 10, -10/76 HPs)
             Began as a Kobold Berserker on Apr 29, 2022.
             Was a High Priest of Trog.
             Mangled by a black mamba (14 damage)
             ... in the Dungeon (Sprint IX: "|||||||||||||||||||||||||||||").
             The game lasted 00:01:23 (1267 turns).

mhtbhm the Swashbuckler (Kobold Berserker)          Turns: 1267, Time: 00:01:24

Health: -10/76     AC: 11    Str: 18    XL:     10   Next: 49%
Magic:  10/10      EV: 17    Int: 15    God:    Trog [*****.]
Gold:   0          SH:  0    Dex: 15    Spells: 9/9 levels left

rFire   . . .      SeeInvis .   a - +2 rapier (venom)
rCold   . . .      Faith    .   (no shield)
rNeg    . . .      Spirit   .   b - +1 scale mail
rPois   .          Reflect  .   k - +0 helmet
rElec   .          Harm     .   l - +0 cloak
rCorr   .          Rampage  .   (no gloves)
Will    .....      NoTele   +   (no boots)
Stlth   ++++......              (no amulet)
HPRegen 0.22/turn               m - +3 ring of intelligence
MPRegen 0.12/turn               n - +3 ring of intelligence

@: lethally poisoned (-10 -> -22), on berserk cooldown, slowed, very slow
A: small, no large weapons, nightstalker 3
a: Renounce Religion, Berserk, Trog's Hand, Brothers in Arms


You were in the Dungeon.
You worshipped Trog.
Trog was extremely pleased with you.
You visited 1 branch

Inventory:

Hand Weapons
 a - a +2 rapier of venom (weapon)
Armour
 b - a +1 scale mail (worn)
 k - a +0 helmet (worn)
 l - a +0 cloak (worn)
Jewellery
 m - a +3 ring of intelligence (left hand)
 n - a +3 ring of intelligence (right hand)
Wands
 j - a wand of iceblast (10)
Scrolls
 h - 3 scrolls of blinking
 p - 4 scrolls of enchant armour
 q - 2 scrolls of enchant weapon
 r - a scroll of fog
Potions
 c - 5 potions of curing
 d - 5 potions of heal wounds
 e - 3 potions of haste
 f - 4 potions of magic
 g - 3 potions of berserk rage
 i - 2 potions of invisibility
 o - a potion of resistance


   Skills:
 + Level 15.2 Fighting
 + Level 17.9 Short Blades
 + Level 6.3 Armour
 + Level 10.7 Dodging
 + Level 10.7 Stealth


You had 9 spell levels left.
You didn't know any spells.
Your spell library was empty.

Dungeon Overview and Level Annotations

Branches:
Dungeon (1/1)

Altars:
Cheibriados
Dithmenos
Elyvilon
Fedhas
Gozag
Hepliaklqana
Kikubaaqudgha
Makhleb
Nemelex Xobeh
Okawaru
Qazlal
Ru
Sif Muna
Trog
Uskayaw
Vehumet
Wu Jian
Xom
Yredelemnul
Zin
The Shining One
Beogh
Jiyva
Lugonu


Innate Abilities, Weirdness & Mutations

You are small and have problems with some larger weapons.
You are completely attuned to the shadows.


Message History

You are no longer berserk.
You are exhausted.
You feel yourself slow down. The black mamba bites you.
You are poisoned.
The black mamba poisons you! The black mamba bites you!
The black mamba misses you.
You closely miss the black mamba.
You feel very sick. The black mamba bites you!
The black mamba completely misses you.
You are too injured to fight recklessly!
You are too injured to fight recklessly!
You are too injured to fight recklessly!
You are too injured to fight recklessly!
You are too injured to fight recklessly!
You are too injured to fight recklessly!
You are too injured to fight recklessly!
You are too injured to fight recklessly!
You are too injured to fight recklessly!
You are too injured to fight recklessly!
You are too injured to fight recklessly!
You are too injured to fight recklessly!
You puncture the black mamba!
The black mamba is moderately wounded.
You feel sick. The black mamba bites you!
You are more poisoned.
The black mamba poisons you!
You closely miss the black mamba.
The black mamba is moderately wounded.
* * * LOW HITPOINT WARNING * * *
You feel very sick. The black mamba bites you!
* * * LOW HITPOINT WARNING * * *
You are more poisoned.
The black mamba poisons you!
You feel better. The black mamba bites you!
* * * LOW HITPOINT WARNING * * *
You are lethally poisoned!
The black mamba poisons you! The black mamba bites you!
You die...

▓.▓_▓
▓.▓_▓
▓.▓_▓
▓.▓_▓
▓.▓.▓_▓
▓.▓.▓_▓
▓S▓.▓_▓
▓S▓.▓_▓
▓@▓.▓_▓
▓†▓.▓_▓
▓†▓.▓_▓
▓†▓.▓_▓
▓†▓.▓_▓
▓)▓.▓_▓
▓.▓.▓_▓
▓.▓.▓_▓
▓.▓.▓_▓


You could see a black mamba and a water moccasin.

Vanquished Creatures
  A boulder beetle (D)
  A hydra (D)
  A centaur warrior (D)
  2 slime creatures (D)
  2 blink frogs (D)
  2 yaks (D)
  A wyvern (D)
  A basilisk (D)
  A vampire mosquito (D)
  A water moccasin (D)
  2 orc warriors (D)
  A black bear (D)
  A phantom (D)
  A bullfrog (D)
  2 hounds (D)
  2 orc priests (D)
  An orc (D)
  A ball python (D)
  A hobgoblin (D)
  A quokka (D)
  A frilled lizard (D)
  A rat (D)
28 creatures vanquished.

Notes
Turn   | Place    | Note
-------+----------+-------------------------------------------
     0 | D        | mhtbhm the Kobold Berserker began the quest for the Orb.
     0 | D        | Reached XP level 1. HP: 14/14 MP: 1/1
    11 | D        | HP: 1/21 [quokka (4)]
    14 | D        | Reached ** piety under Trog
   354 | D        | Noticed a hound
   354 | D        | Noticed a black bear
   354 | D        | Noticed a phantom
   368 | D        | Killed a phantom
   369 | D        | Reached skill level 7 in Short Blades
   369 | D        | Reached XP level 2. HP: 12/23 MP: 2/2
   369 | D        | Reached XP level 3. HP: 15/28 MP: 3/3
   369 | D        | Reached XP level 4. HP: 17/32 MP: 4/4
   571 | D        | Killed a black bear
   571 | D        | Reached *** piety under Trog
   572 | D        | Reached skill level 9 in Short Blades
   572 | D        | Reached skill level 5 in Dodging
   572 | D        | Reached XP level 5. HP: 39/39 MP: 5/5
   574 | D        | Reached XP level 6. HP: 45/45 MP: 6/6
   580 | D        | Reached skill level 10 in Short Blades
   586 | D        | Found a snail-covered altar of Cheibriados.
   586 | D        | Found a shadowy altar of Dithmenos.
   587 | D        | Found a white marble altar of Elyvilon.
   588 | D        | Found a blossoming altar of Fedhas.
   589 | D        | Found an opulent altar of Gozag.
   590 | D        | Found a hazy altar of Hepliaklqana.
   591 | D        | Found a viscous altar of Jiyva.
   592 | D        | Found an ancient bone altar of Kikubaaqudgha.
   593 | D        | Found a corrupted altar of Lugonu.
   594 | D        | Found a burning altar of Makhleb.
   595 | D        | Found a sparkling altar of Nemelex Xobeh.
   596 | D        | Found an iron altar of Okawaru.
   597 | D        | Found a stormy altar of Qazlal.
   598 | D        | Found a sacrificial altar of Ru.
   599 | D        | Found a shimmering blue altar of Sif Muna.
   600 | D        | Found a bloodstained altar of Trog.
   601 | D        | Found a hide-covered altar of Uskayaw.
   602 | D        | Found a radiant altar of Vehumet.
   603 | D        | Found an ornate altar of the Wu Jian Council.
   604 | D        | Found a shimmering altar of Xom.
   605 | D        | Found a basalt altar of Yredelemnul.
   606 | D        | Found a glowing silver altar of Zin.
   607 | D        | Found a glowing golden altar of the Shining One.
   657 | D        | Noticed an orc warrior
   657 | D        | Noticed a vampire mosquito
   658 | D        | Noticed a yak
   664 | D        | Killed a vampire mosquito
   664 | D        | Reached **** piety under Trog
   665 | D        | Reached skill level 11 in Short Blades
   665 | D        | Reached XP level 7. HP: 52/52 MP: 7/7
   671 | D        | Reached skill level 10 in Fighting
   671 | D        | Reached skill level 12 in Short Blades
   671 | D        | Reached skill level 5 in Stealth
   673 | D        | Killed a yak
   681 | D        | Reached skill level 13 in Short Blades
   681 | D        | Reached XP level 8. HP: 50/60 MP: 8/8
   683 | D        | Reached ***** piety under Trog
   805 | D        | Noticed a boulder beetle
   805 | D        | Noticed a slime creature
   805 | D        | Noticed a slime creature
   806 | D        | Noticed a slime creature
   812 | D        | Killed a large slime creature
   813 | D        | Reached skill level 14 in Short Blades
   828 | D        | Killed a boulder beetle
   829 | D        | Reached skill level 15 in Short Blades
   829 | D        | Reached skill level 5 in Armour
   829 | D        | Reached XP level 9. HP: 68/68 MP: 9/9
   834 | D        | Killed a slime creature
   877 | D        | Noticed a centaur warrior
   912 | D        | Killed a centaur warrior
   913 | D        | Reached skill level 16 in Short Blades
  1228 | D        | Noticed a five-headed hydra
  1230 | D        | Received a gift from Trog
  1231 | D        | Reached XP level 10. HP: 76/76 MP: 10/10
  1233 | D        | Reached skill level 17 in Short Blades
  1233 | D        | Reached skill level 10 in Dodging
  1246 | D        | Killed a five-headed hydra
  1247 | D        | Reached skill level 10 in Stealth
  1248 | D        | Noticed a black mamba
  1253 | D        | Reached skill level 15 in Fighting
  1267 | D        | Mangled by a black mamba

Illustrated notes

Levels and vault maps discovered:
D:        linesprint [early_d, line_temple, items_1, d_10, items_2, lair_1,
          lair_end, items_3, orc_1, orc_end, items_4, d_15, swamp_1, shoals_1,
          snake_1, spider_1, d_20, vaults_1, items_5, swamp_end, shoals_end,
          snake_end, spider_end, vaults_end, d_27, items_6, zot_1, zot_end,
          crypt_end, forest_end, elf_end, slime_end, tomb_end, abyss_end,
          pan_hell_end]

Skill      XL: |  1  2  3  4  5  6  7  8  9 10 |
---------------+-------------------------------+-----
Fighting       | 6 7 8 9 11 13 14 15 | 15.2
Short Blades   | 7 9 11 13 15 16 17 | 17.9
Armour         | 2 3 4 5 6 |  6.3
Dodging        | 4 5 6 7 8 9 10 | 10.7
Stealth        | 2 3 4 5 8 9 10 | 10.7

Action                   |  1- 3 |  4- 6 |  7- 9 | 10-12 || total
-------------------------+-------+-------+-------+-------++-------
Melee: Short sword       |    31 |    13 |       |       ||    44
       Rapier            |       |     6 |    69 |    30 ||   105
       Punch             |       |       |     1 |     1 ||     2
Invok: Berserk           |     2 |     2 |     1 |     1 ||     6
  Use: Potion            |       |       |       |     1 ||     1
 Stab: Sleeping          |     1 |       |     2 |     1 ||     4
Armor: Animal skin       |     3 |       |       |       ||     3
       Scale mail        |       |       |    21 |     6 ||    27
Dodge: Dodged            |    10 |    10 |    14 |     9 ||    43

Table legend: (Time is in decaauts)
 A = Elapsed time spent in this place.
 B = Non-inter-level travel time spent in this place.
 C = Inter-level travel time spent in this place.
 D = Time resting spent in this place.
 E = Time spent auto-exploring this place.
 F = Levels seen in this place.
 G = Mean time per level.
                   A        B        C        D        E       F      G
               +--------+--------+--------+--------+--------+-----+--------+
         Total |   1241 |   1241 |      0 |    907 |     56 |   1 | 1241.0 |
       Dungeon |   1241 |   1241 |      0 |    907 |     56 |   1 | 1241.0 |
               +--------+--------+--------+--------+--------+-----+--------+

Top non-repeatable levels by time:
       D: 1241 daAuts
